 Dungeon Crawl Stone Soup version 0.27-a0-1202-ge72e49191c (webtiles) character file.

Game seed: 17353916037434904351

611 Delamore the Poker (level 7, -6/56 HPs)
             Began as a Formicid Fighter on June 4, 2021.
             Was a Believer of Dithmenos.
             Mangled by Blork the orc
             ... wielding a +0 scimitar
              (9 damage)
             ... on level 5 of the Dungeon.
             The game lasted 00:04:50 (4506 turns).

Delamore the Poker (Formicid Fighter)               Turns: 4506, Time: 00:04:51

Health: -6/56      AC: 10    Str: 22    XL:     7   Next: 72%
Magic:  7/7        EV:  8    Int:  8    God:    Dithmenos [**....]
Gold:   134        SH:  9    Dex: 10    Spells: 6/6 levels left

rFire    + . .     SeeInvis +   a - +1 trident
rCold    . . .     Faith    .   c - +0 kite shield
rNeg     + . .     Spirit   .   b - +0 scale mail
rPois    +         Reflect  .   (helmet unavailable)
rElec    .         Harm     .   (no cloak)
rCorr    .         Rampage  .   e - +2 pair of gloves of Negligence {rPois}
Will     .....                  (no boots)
Stlth    ..........             (no amulet)
HPRegen  0.18/turn              m - ring of positive energy
MPRegen  0.10/turn              r - ring of protection from fire

@: brilliant, weak-willed, wreathed by umbra
A: permanent stasis, dig shafts and tunnels, antennae 3, four strong arms
a: Dig, Shaft Self, Renounce Religion, Shadow Step


You were on level 5 of the Dungeon.
You worshipped Dithmenos.
Dithmenos was pleased with you.
You visited 1 branch of the dungeon, and saw 5 of its levels.

You collected 134 gold pieces.

Inventory:

Hand Weapons
 a - a +1 trident (weapon)
Missiles
 g - 5 curare-tipped darts
 o - 7 poisoned darts
Armour
 b - a +0 scale mail (worn)
 c - a +0 kite shield (worn)
 e - the +2 pair of gloves of Negligence (worn) {rPois}
   (You acquired it on level 1 of the Dungeon)

   It protects you from poison.
Jewellery
 m - a ring of positive energy (left hand)
 r - a ring of protection from fire (right hand)
Scrolls
 h - 2 scrolls of teleportation
 k - a scroll of immolation
 p - a scroll of blinking
 q - a scroll of magic mapping {unknown}
Potions
 d - a potion of might
 f - a potion of cancellation
 i - 2 potions of attraction
 j - 2 potions of haste


   Skills:
 - Level 5.0 Fighting
 * Level 7.3 Polearms
 - Level 3.2 Armour
 - Level 3.6 Shields


You had 6 spell levels left.
You didn't know any spells.
Your spell library contained the following spells:

 Spells                   Type           Power      Damage    Failure   Level
 Confusing Touch          Hex            0%         N/A       100%        3
 Gell's Gravitas          Tloc           0%         N/A       100%        3
 Petrify                  Tmut/Erth      0%         N/A       100%        4
 Metabolic Englaciation   Hex/Ice        0%         N/A       100%        5
 Yara's Violent Unravell  Hex/Tmut       0%         3d3       100%        5


Dungeon Overview and Level Annotations

Branches:
Dungeon (5/15)
 Temple: D:4-7

Altars:
Dithmenos
Xom

Annotations:
D:5 Blork the orc, Ijyb


Innate Abilities, Weirdness & Mutations

You cannot be hasted, slowed, berserked, paralysed or teleported.
You can dig through walls and to a lower floor.
You have a pair of large antennae on your head. (SInv)
Your four strong arms can wield two-handed weapons with a shield.


Message History

You block Blork the orc's attack. Ijyb hits you but does no damage.
Blork the orc gestures at you while chanting.
The puff of frost hits you.
You are too injured to fight recklessly!
Blork the orc hits you with a +0 scimitar.
Blork the orc casts a spell at you. The puff of frost hits you.
Blork the orc looks encouraged for a moment.
You see here 14 gold pieces.
There is a stone staircase leading down here.
Blork the orc hits you with a +0 scimitar!
* * * LOW HITPOINT WARNING * * *
Blork the orc hits you with a +0 scimitar.
* * * LOW HITPOINT WARNING * * *
Ijyb screams, "You nasty!
Big nasty!"
It was a potion of brilliance.
You feel clever all of a sudden. Blork the orc barely misses you.
Blork the orc miscasts a cantrip.
Okay, then.
Okay, then.
Okay, then.
As you read the scroll labelled MIASOR AKHLO, it crumbles to dust.
Magic quickly surges around you.
It was a scroll of vulnerability.
Blork the orc barely misses you.
Ijyb screams, "No!
No, no, no, no!"
As you read the scroll labelled TEUNIOPR JEYT, it crumbles to dust.
You hear a loud clanging noise!
It was a scroll of noise.
You hear an angry hiss.
Blork the orc closely misses you.
Blork the orc gestures at you while chanting.
The puff of flame hits you. You resist.
* * * LOW HITPOINT WARNING * * *
As you read the scroll labelled JOH KIWIRANIT, it crumbles to dust.
It is a scroll of enchant weapon.
Your +0 trident glows red for a moment.
Blork the orc is no longer moving quickly.
Blork the orc hits you with a +0 scimitar!
You die...

#... #.# ...
#...#####.#####.#
#....$.g.......# ≈
##.#>#######..## .#
#.# ####.####♣.♣^
#.# #.....#.⌠#.^_
#g# #.##....#≈{≈.
#o# #.##....#≈.♣.
#@# #.##.##.##^._ #
#.# #.##.##.# #(♣
.#.##.#.####.##.##.#
#⌠
.......<...........#
.
##..............####
###########.#### #.#
#.. ####


You could see Blork the orc (weak-willed) and Ijyb (weak-willed).

Vanquished Creatures
  Sigmund (D:2)
  A black bear (D:5)
  A scorpion (D:3)
  A bullfrog zombie (D:3)
  2 jellies
  An orc priest (D:4)
  7 adders
  An ufetubus (D:4)
  2 worms
  6 orcs
  7 ball pythons
  10 bats
  18 endoplasms
  4 giant cockroaches (D:1)
  7 goblins
  5 hobgoblins
  4 jackals (D:2)
  11 kobolds
  4 quokkas
  10 frilled lizards
  3 rats
106 creatures vanquished.

Vanquished Creatures (others)
  10 fungi (D:3)
  7 plants
  10 toadstools (D:3)
27 creatures vanquished.

Grand Total: 133 creatures vanquished

Notes
Turn   | Place    | Note
-------+----------+-------------------------------------------
     0 | D:1      | Delamore the Formicid Fighter began the quest for the Orb.
     0 | D:1      | Reached XP level 1. HP: 18/18 MP: 1/1
    40 | D:1      | Reached XP level 2. HP: 24/24 MP: 2/2
   282 | D:1      | Identified a scroll of acquirement
   282 | D:1      | Acquired the +2 pair of gloves of Negligence {rPois}
   543 | D:1      | Reached XP level 3. HP: 30/30 MP: 3/3
   563 | D:1      | Reached skill level 3 in Polearms
  1000 | D:2      | Noticed Sigmund
  1018 | D:2      | Killed Sigmund
  1019 | D:2      | Reached skill level 4 in Polearms
  1019 | D:2      | Reached XP level 4. HP: 30/38 MP: 4/4
  1019 | D:2      | Reached XP level 5. HP: 34/43 MP: 5/5
  1019 | D:2      | Reached XP level 6. HP: 38/49 MP: 6/6
  1170 | D:2      | Reached skill level 5 in Polearms
  1804 | D:3      | Reached skill level 5 in Fighting
  1986 | D:3      | Found a faded altar of an unknown god.
  2015 | D:3      | Became a worshipper of Dithmenos the Shadowed
  2015 | D:3      | Reached * piety under Dithmenos
  2781 | D:3      | Reached skill level 6 in Polearms
  2781 | D:3      | Reached XP level 7. HP: 56/56 MP: 7/7
  3275 | D:3      | Reached ** piety under Dithmenos
  4422 | D:5      | Entered Level 5 of the Dungeon
  4439 | D:5      | Found a shimmering altar of Xom.
  4440 | D:5      | Found a shimmering altar of Xom.
  4456 | D:5      | Reached skill level 7 in Polearms
  4471 | D:5      | Noticed Ijyb
  4474 | D:5      | Noticed Blork the orc
  4506 | D:5      | Mangled by Blork the orc

Illustrated notes

Levels and vault maps discovered:
D:1:      dpeg_arrival_long_road, layout_loops_ring
D:2:      layout_rooms, serial_forest, infiniplex_forest_clump_long,
          infiniplex_forest_clump_small, infiniplex_forest_clump_medium,
          infiniplex_forest_3_way, infiniplex_forest_lined_1,
          infiniplex_forest_lined_room_3, infiniplex_forest_straight_2,
          infiniplex_forest_clump_small, infiniplex_forest_clump_tiny,
          infiniplex_forest_clump_medium, grunt_decor_mini_mirrors, uniq_sigmund
D:3:      cheibrodos_fertilizer, layout_basic,
          shapermc_ecumenical_altar_mp_urbaneastern, corner_web_ring
D:4:      layout_basic, minmay_misc_feat_iff
D:5:      lemuel_insect_pit, layout_loops_ring, xom_redecorated, st_stairs_1,
          uniq_ijyb, uniq_blork_the_orc, uniq_grinder

Skill      XL: |  1  2  3  4  5  6  7 |
---------------+----------------------+-----
Polearms       | 4 6 7 |  7.3
Fighting       | 4 5 |  5.0
Armour         | |  3.2
Shields        | |  3.6

Action                   |  1- 3 |  4- 6 |  7- 9 || total
-------------------------+-------+-------+-------++-------
Melee: Trident           |   119 |   113 |   145 ||   377
  Use: Scroll            |     1 |     5 |     5 ||    11
       Potion            |       |     1 |     1 ||     2
Armor: Scale mail        |    46 |    55 |    44 ||   145
Dodge: Dodged            |    45 |    36 |    51 ||   132
Block: Kite shield       |    68 |    54 |    59 ||   181

Table legend: (Time is in decaauts)
 A = Elapsed time spent in this place.
 B = Non-inter-level travel time spent in this place.
 C = Inter-level travel time spent in this place.
 D = Time resting spent in this place.
 E = Time spent auto-exploring this place.
 F = Levels seen in this place.
 G = Mean time per level.
                   A        B        C        D        E       F      G
               +--------+--------+--------+--------+--------+-----+--------+
         Total |   4592 |   4447 |    145 |    536 |   3038 |   5 |  918.4 |
       Dungeon |   4592 |   4447 |    145 |    536 |   3038 |   5 |  918.4 |
               +--------+--------+--------+--------+--------+-----+--------+

Top non-repeatable levels by time:
     D:3: 1610 daAuts
     D:2: 1078 daAuts
     D:4: 911 daAuts
     D:1: 903 daAuts
     D:5: 88 daAuts
